 Dungeon Crawl Stone Soup version 0.30-a0-652-gcc886f7154 (webtiles) character file.

Game seed: 6820939731759997264

50 PyroL the Digger (level 3, 0/19 HPs)
             Began as a Gargoyle Earth Elementalist on Jan 17, 2023.
             Constricted to death by an orc priest (7 damage)
             ... on level 3 of the Dungeon.
             The game lasted 00:02:37 (1561 turns).

PyroL the Digger (Gargoyle Earth Elementalist)      Turns: 1561, Time: 00:02:38

Health: 0/19       AC:  7    Str: 13    XL:     3   Next: 79%
Magic:  2/7        EV:  8    Int: 19    God:
Gold:   103        SH:  0    Dex: 10    Spells: 2/8 levels left

rFire   . . .      SeeInvis .    d - +1 hand axe (heavy)
rCold   . . .      Faith    .    (no shield)
rNeg    + . .      Spirit   .    l - +1 robe of the Tarantula {Drain rPois Str+2 Int+2}
rPois   ∞          Reflect  .    (no helmet)
rElec   +          Harm     .    (no cloak)
rCorr   .          Rampage  .    (no gloves)
Will    .....                    i - +0 pair of boots
Stlth   ++                       (no amulet)
HPRegen 0.23/turn                (no ring)
MPRegen 0.10/turn                (no ring)

@: grasped by roots, constricted
A: sickness immunity, AC +3, negative energy resistance 1, electricity
resistance, torment resistance 1, petrification resistance
a: no special abilities


You were on level 3 of the Dungeon.
You visited 1 branch of the dungeon, and saw 3 of its levels.

You collected 103 gold pieces.

Inventory:

Hand Weapons
 d - a +1 heavy hand axe (weapon)
Armour
 i - a +0 pair of boots (worn)
 l - the +1 robe of the Tarantula (worn) {Drain rPois Str+2 Int+2}
   (You found it on level 2 of the Dungeon)

   Str:       It affects your strength (+2).
   Int:       It affects your intelligence (+2).
   rPois:     It protects you from poison.
   Drain:     It drains your maximum health when unequipped.
Jewellery
 a - a ring of ice
Scrolls
 c - a scroll of immolation {unknown}
 e - a scroll of noise {unknown}
 m - a scroll of identify {unknown}
Potions
 b - 2 potions of magic
 f - a potion of curing {unknown}
 g - a potion of flight {unknown}
 h - a potion of brilliance {unknown}
 j - a potion of degeneration {unknown}
 k - a potion of invisibility {unknown}


   Skills:
 - Level 1.5 Dodging
 - Level 2.1 Stealth
 + Level 3.0 Spellcasting
 - Level 0.7 Transmutations
 + Level 4.7 Earth Magic


You had 2 spell levels left.
You knew the following spells:

 Your Spells              Type           Power      Damage    Failure   Level
a - Sandblast             Erth           40%        2d10      2%          1
b - Stone Arrow           Conj/Erth      22%        3d8       17%         3
c - Passwall              Tmut/Erth      10%        N/A       8%          2

Your spell library contained the following spells:

 Spells                   Type           Power      Damage    Failure   Level
 Inner Flame              Hex/Fire       2%         N/A       41%         3
 Petrify                  Tmut/Erth      13%        N/A       45%         4
 Cause Fear               Hex            1%         N/A       83%         4
 Summon Ice Beast         Ice/Summ       2%         N/A       83%         4
 Summon Mana Viper        Hex/Summ       2%         N/A       99%         5
 Monstrous Menagerie      Summ           1%         N/A       100%        7
 Discord                  Hex            1%         N/A       100%        8


Dungeon Overview and Level Annotations

Branches:
Dungeon (3/15)

Altars:


Innate Abilities, Weirdness & Mutations

You are immune to sickness and miasma.
Your stone body is resilient. (AC +3)
You are immune to poison.
You resist negative energy. (rN+)
You are resistant to electric shocks. (rElec)
You are resistant to unholy torment.
You are immune to petrification.


Message History

The orc priest invokes the aid of Beogh against you.
Pain shoots through your body!
The orc shouts! x2
The orc shouts!
You hear a shout!
An orc comes into view. It is wielding a +0 short sword.
The orc throws a boomerang.
The boomerang barely misses you.
You hear an angry hiss.
The blast of sand hits the orc!
You kill the orc!
The orc priest zaps a wand.
The roots erupt in riotous growth!
The grasping roots grab you! The grasping roots constrict you.
The orc throws a boomerang.
The boomerang barely misses you. The grasping roots constrict you.
The orc throws a boomerang.
The boomerang barely misses you.
You hear a shout! x4
The blast of sand hits the orc priest but does no damage.
The grasping roots constrict you.
* * * LOW HITPOINT WARNING * * *
The orc throws a boomerang.
The boomerang closely misses you.
You are too injured to fight recklessly!
You are too injured to fight recklessly!
You escape the roots grasp.
The orc priest zaps a wand.
The roots erupt in riotous growth!
The grasping roots grab you! The grasping roots constrict you.
* * * LOW HITPOINT WARNING * * *
The orc throws a boomerang.
The boomerang hits you.
* * * LOW HITPOINT WARNING * * *
You hear a shout!
Casting: Sandblast (safe; 2% risk of failure)
Confirm with . or Enter, or press ? or * to list all spells.
The spell is extremely dangerous to miscast (17% risk of failure)!
Continue anyway?
Aiming: Stone Arrow (extremely dangerous; 17% risk of failure)
Press: ? - help, Shift-Dir - straight line, f/p - orc priest
Aim: an orc priest, wielding a +0 hand axe, wearing a +0 chain mail and carrying a wand of roots (10) (77% to hit)
The stone arrow hits the orc priest.
The orc priest is lightly wounded.
The orc priest begins to cast a cantrip, but forgets the words!
The grasping roots constrict you!
You die...

#.........##..........
#.........##..........
###..........#####..
#..######### #..
.######..#############..
........>...............
....###.##############..
#. #.# #.. #@# #.. #.#
#.. .......oo.# #..
...o..)...# #..
..........# ###
..........# ..........#
######....# #....#


You could see an orc priest and an orc.

Vanquished Creatures
  An adder (D:2)
  A worm (D:2)
  An orc (D:3)
  A ball python (D:1)
  4 endoplasms
  2 giant cockroaches
  A goblin (D:3)
  5 hobgoblins
  4 quokkas
  3 bats (D:1)
  2 frilled lizards
  6 kobolds
  2 rats
33 creatures vanquished.

Notes
Turn   | Place    | Note
-------+----------+-------------------------------------------
     0 | D:1      | PyroL the Gargoyle Earth Elementalist began the quest for
                  | the Orb.
     0 | D:1      | Reached XP level 1. HP: 10/10 MP: 3/3
   312 | D:1      | Reached skill level 4 in Earth Magic
   312 | D:1      | Reached XP level 2. HP: 8/15 MP: 1/5
   924 | D:2      | Reached XP level 3. HP: 18/19 MP: 4/7
   929 | D:2      | Learned a level 3 spell: Stone Arrow
  1022 | D:2      | Learned a level 2 spell: Passwall
  1059 | D:2      | Identified the +1 robe of the Tarantula {Drain rPois Str+2
                  | Int+2}
  1111 | D:2      | Identified the +3 chain mail of the Big Bang {Int+4}
  1561 | D:3      | Constricted to death by an orc priest

Illustrated notes

Levels and vault maps discovered:
D:1:      dpeg_arrival_line_fractal, layout_loops_ring
D:2:      layout_rooms, st_stairs_12
D:3:      layout_basic

Skill      XL: |  1  2  3 |
---------------+----------+-----
Earth Magic    | 4 |  4.7
Spellcasting   | 3 |  3.0
Dodging        | |  1.5
Stealth        | |  2.1
Transmutations | |  0.7

Action                   || total
-------------------------++-------
Melee: Hand axe          ||    13
 Cast: Sandblast         ||    43
       Stone Arrow       ||     1
Armor: Robe              ||     7
Dodge: Dodged            ||    26

Table legend: (Time is in decaauts)
 A = Elapsed time spent in this place.
 B = Non-inter-level travel time spent in this place.
 C = Inter-level travel time spent in this place.
 D = Time resting spent in this place.
 E = Time spent auto-exploring this place.
 F = Levels seen in this place.
 G = Mean time per level.
                   A        B        C        D        E       F      G
               +--------+--------+--------+--------+--------+-----+--------+
         Total |   1593 |   1572 |     21 |      0 |   1301 |   3 |  531.0 |
       Dungeon |   1593 |   1572 |     21 |      0 |   1301 |   3 |  531.0 |
               +--------+--------+--------+--------+--------+-----+--------+

Top non-repeatable levels by time:
     D:1: 756 daAuts
     D:2: 497 daAuts
     D:3: 339 daAuts
